 Dungeon Crawl Stone Soup version 0.21.0 (console) character file.

53 Garrluk the Magician (level 3, -4/19 HPs)
             Began as a Deep Elf Fire Elementalist on Jan 7, 2018.
             Slain by a killer bee zombie (6 damage)
             ... on level 4 of the Dungeon.
             The game lasted 00:04:22 (930 turns).

Garrluk the Magician (Deep Elf Fire Elementalist)    Turns: 930, Time: 00:04:23

Health: -4/19      AC:  2    Str:  5    XL:     3   Next: 62%
Magic:  2/10       EV: 13    Int: 20    God:
Gold:   100        SH:  0    Dex: 15    Spells: 3/10 levels left

rFire    . . .     SeeInvis .   g - +2 dagger (venom)
rCold    . . .     Gourm    .   (no shield)
rNeg     . . .     Faith    .   a - +0 robe
rPois    .         Spirit   .   (no helmet)
rElec    .         Reflect  .   (no cloak)
rCorr    .         Harm     .   (no gloves)
MR       .....                  (no boots)
Stlth    ++........             (no amulet)
HPRegen  0.06/turn              (no ring)
MPRegen  0.12/turn              (no ring)

@: very slightly contaminated
A: no striking features
a: no special abilities


You were on level 4 of the Dungeon.
You were not hungry.

You visited 1 branch of the dungeon, and saw 4 of its levels.

You collected 100 gold pieces.

Inventory:

Hand Weapons
 g - a +2 dagger of venom (weapon)
Armour
 a - a +0 robe (worn)
Scrolls
 i - 2 scrolls of identify {unknown}
 j - a scroll of immolation {unknown}
 k - a scroll of noise {unknown}
Potions
 d - 2 potions of magic {unknown}
 e - a potion of agility {unknown}
 f - a potion of haste {unknown}
 h - a potion of berserk rage {unknown}
 l - a potion of might {unknown}
Books
 b - a book of Flames

   Spells                             Type                      Level
   a - Flame Tongue                   Conjuration/Fire             1
   b - Throw Flame                    Conjuration/Fire             2
   c - Conjure Flame                  Conjuration/Fire             3
   d - Inner Flame                    Hexes/Fire                   3
   e - Sticky Flame                   Conjuration/Fire             4
   f - Fireball                       Conjuration/Fire             5
Comestibles
 c - a ration


   Skills:
 - Level 2.4 Dodging
 - Level 2.4 Stealth
 * Level 4.2 Spellcasting
 * Level 2.6 Conjurations
 + Level 3.7 Fire Magic


You had 3 spell levels left.
You knew the following spells:

 Your Spells              Type           Power        Failure   Level  Hunger
a - Flame Tongue          Conj/Fire      ###..        3%          1    None
b - Inner Flame           Hex/Fire       ##......     19%         3    ###....
c - Conjure Flame         Conj/Fire      ###.....     11%         3    ###....


Dungeon Overview and Level Annotations

Branches:
Dungeon (4/15)
 Temple: D:4-7

Altars:


Message History

The killer bee zombie hits you but does no damage.
Casting: Inner Flame
Confirm with . or Enter, or press ? or * to list all spells.
Aiming: Inner Flame
Press: ? - help, Shift-Dir - straight line, f/p - killer bee zombie
Aim: a killer bee zombie (heavily damaged, chance to defeat MR: 74%)
The killer bee zombie is filled with an inner flame.
The killer bee zombie barely misses you.
The killer bee zombie closely misses you.
The killer bee zombie barely misses you.
The killer bee zombie hits you.
* * * LOW HITPOINT WARNING * * *
Casting: Inner Flame
Confirm with . or Enter, or press ? or * to list all spells.
Aiming: Flame Tongue
Press: ? - help, Shift-Dir - straight line, f/p - killer bee zombie
Aim: a killer bee zombie (heavily damaged, inner flame)
The flame tongue misses the killer bee zombie.
The killer bee zombie hits you.
You die...

##...## #........ ......#
#...?...# ......#
#.......# ......#
#.......# ......#
.......# ......#
###.....# . ###..##...
##[##.#### ..
####+##....#..$#....##...
...........#/∩.#.........
........... $5.#Z........
...........##5##@........
............###..........
................#........
................#........
.##.......##....#........
.##.......##....#........
...............##...##...
...............##...# ...
.............>..#....
................#
................#


You could see a killer bee zombie (inner flame).

Vanquished Creatures
  An adder (D:3)
  2 worms
  A dart slug (D:3)
  An orc (D:3)
  3 bats (D:1)
  A giant cockroach (D:1)
  3 goblins (D:1)
  3 hobgoblins (D:1)
  2 jackals (D:1)
  2 quokkas
  5 frilled lizards
  5 kobolds
  A quokka skeleton (D:4)
  5 rats
35 creatures vanquished.

Notes
Turn   | Place    | Note
-------+----------+-------------------------------------------
     0 | D:1      | Garrluk the Deep Elf Fire Elementalist began the quest for the Orb.
     0 | D:1      | Reached XP level 1. HP: 10/10 MP: 6/6
   207 | D:1      | Reached XP level 2. HP: 15/15 MP: 2/8
   565 | D:2      | Reached XP level 3. HP: 19/19 MP: 10/10
   610 | D:3      | Reached skill level 4 in Spellcasting
   688 | D:4      | Noticed an ogre
   694 | D:4      | Learned a level 3 spell: Inner Flame
   698 | D:4      | Learned a level 3 spell: Conjure Flame
   930 | D:4      | Slain by a killer bee zombie

Skill      XL: |  1  2  3 |
---------------+----------+-----
Conjurations   | 2 |  2.6
Spellcasting   | 4 |  4.2
Dodging        | |  2.4
Stealth        | |  2.4
Fire Magic     | |  3.7

Action                   || total
-------------------------++-------
Melee: Unarmed           ||     1
       Dagger            ||    16
 Cast: Flame Tongue      ||    49
       Inner Flame       ||     3
  Use: Scroll            ||     1
 Stab: Sleeping          ||     3
Armor: Robe              ||     4
Dodge: Dodged            ||    22
